Map: Lerilak Crest

Players

Dante

  • Race: Zerg Zerg
  • League: Gold

LindyHop - Winner!

  • Race: Zerg Zerg
  • League: Platinum

VOD

Have the link to the VOD?

Description

Time

  • Played on: Jan. 19, 2016, 8:18 p.m.
  • Length: 10:54
Show
View Real Time Build Order
Export as new Build Order

Dante Zerg 

Build Orders: Hatch First 

Get SALT Encoding   

  12  0:03  Drone  
  13  0:08  Drone  
  14  0:35  Hatchery  
  13  0:38  Drone  
  14  0:54  Spawning Pool  
  13  0:57  Drone  
  14  1:05  Overlord  
  14  1:09  Extractor  
  14  1:11  Drone  
  14  1:23  Drone x2  
  16  1:37  Drone  
  17  1:41  Queen  
  17  1:44  Zergling x2  
  20  1:52  Queen  
  22  1:56  Drone  
  22  1:59  Drone  
  24  2:06  Drone  
  24  2:07  Drone  
  26  2:11  Zergling x2  
  26  2:15  Drone  
  28  2:21  Metabolic Boost  
  28  2:37  Overlord x2  
  28  2:55  Evolution Chamber  
  28  3:00  Roach Warren, Drone x2  
  28  3:01  Drone x5  
  34  3:08  Drone  
  34  3:12  Queen  
  37  3:26  Zergling x10  
  42  3:33  Drone x2  
  44  3:47  Hatchery  
  43  4:03  Zergling x2  
  38  4:13  Drone x2  
  38  4:14  Drone x2  
  41  4:22  Drone x3  
  44  4:29  Extractor  
  43  4:32  Extractor  
  43  4:35  Extractor  
  43  4:36  Evolution Chamber  
  40  4:41  Evolution Chamber, Roach x2  
  40  4:42  Overlord x2  
  43  5:02  Roach x5  
  43  5:03  Drone x3, Roach  
  58  5:08  Queen  
  58  5:10  Drone x2  
  62  5:18  Roach  
  62  5:19  Roach x2  
  44  5:37  Roach x2, Zergling x6  
  44  5:38  Zergling x2  
  52  5:44  Drone x3  
  52  5:45  Drone x2  
  57  6:08  Roach x3  
  51  6:25  Roach x2  
  55  6:27  Drone x4  
  55  6:28  Drone, Zergling x2  
  55  6:29  Zergling x10  
  66  7:00  Zerg Ground Armor Level 1  
  66  7:03  Overlord x2  
  66  7:04  Overlord x2  
  66  7:09  Overlord  
  66  7:21  Queen x2  
  72  7:24  Ravager  
  72  7:25  Ravager  
  74  7:31  Roach  
  76  7:39  Roach x2  
  76  7:43  Drone x3  
  76  7:44  Drone x7  
  86  7:45  Drone x2  
  92  7:53  Ravager  
  91  8:08  Zerg Missile Weapons Level 1  
  91  8:32  Roach  
  91  8:33  Roach x5  
  91  8:34  Overlord x4  
  103  8:38  Drone x3  
  106  8:48  Lair  
  106  8:53  Drone x2  
  106  8:54  Drone x5  
  106  8:55  Hatchery  
  112  8:59  Ravager x2  
  112  9:00  Ravager  
  115  9:08  Zergling x8  
  115  9:09  Zergling x2  
  120  9:25  Drone x4  
  120  9:26  Drone x4  
  120  9:28  Extractor  
  120  9:30  Extractor  
  126  9:38  Spore Crawler  
  122  9:41  Spore Crawler  
  122  9:43  Spore Crawler  
  122  9:45  Spore Crawler  
  115  9:47  Spore Crawler  
  115  9:49  Spore Crawler  
  75  10:22  Roach x7  
  75  10:23  Roach x2  
Show
View Real Time Build Order
Export as new Build Order

LindyHop Zerg - Winner!

Build Orders: Hatch First 

Get SALT Encoding   

  12  0:01  Drone  
  13  0:12  Overlord  
  13  0:19  Drone  
  14  0:30  Drone x2  
  14  0:34  Drone  
  17  0:56  Hatchery  
  16  0:59  Drone  
  16  1:01  Drone  
  18  1:18  Spawning Pool  
  18  1:19  Drone  
  18  1:28  Extractor  
  17  1:44  Overlord  
  17  1:45  Drone x2  
  19  1:55  Drone  
  20  2:06  Queen  
  20  2:08  Queen  
  22  2:10  Zergling x4  
  26  2:26  Roach Warren  
  25  2:34  Drone x2  
  25  2:35  Drone  
  28  2:41  Overlord  
  28  3:03  Metabolic Boost  
  28  3:05  Drone x3  
  30  3:06  Drone  
  32  3:35  Roach  
  32  3:36  Roach x5  
  32  3:37  Overlord x2  
  44  3:44  Spine Crawler  
  44  3:48  Drone x2, Spine Crawler  
  44  3:57  Roach  
  44  4:00  Roach x2  
  49  4:03  Roach  
  49  4:06  Zergling x2  
  49  4:12  Roach  
  51  4:24  Zergling x4  
  51  4:25  Zergling x8  
  57  4:37  Drone  
  57  4:38  Drone  
  59  4:46  Drone  
  59  4:58  Drone  
  59  4:59  Lair  
  60  5:01  Extractor  
  60  5:02  Extractor  
  60  5:04  Queen  
  60  5:09  Evolution Chamber x2, Overlord x2  
  51  5:28  Zergling x2  
  51  5:29  Zergling x14  
  59  5:35  Zergling x2  
  59  5:44  Zerg Missile Weapons Level 1  
  59  5:55  Zergling x2  
  60  6:09  Zergling x8  
  60  6:10  Zergling x2  
  56  6:12  Zergling x4  
  56  6:15  Zerg Ground Armor Level 1  
  56  6:22  Zergling x4  
  56  6:23  Zergling x2  
  56  6:25  Glial Reconstitution  
  55  6:28  Drone  
  56  6:33  Drone  
  55  6:44  Drone  
  55  6:45  Drone  
  57  6:48  Drone x3  
  60  6:58  Spire  
  59  7:02  Drone  
  59  7:03  Drone x4  
  66  7:14  Extractor  
  63  7:19  Drone x3  
  65  7:49  Overlord x2  
  65  7:50  Hatchery  
  64  7:56  Overlord x2  
  64  8:10  Mutalisk x5  
  64  8:11  Mutalisk  
  76  8:17  Mutalisk  
  78  8:23  Mutalisk  
  78  8:26  Mutalisk  
  80  8:29  Zergling x2  
  80  8:30  Zergling x10  
  88  8:40  Zerg Flyer Weapons Level 1  
  88  8:41  Zergling x4  
  90  8:53  Mutalisk  
  90  8:54  Mutalisk  
  94  9:04  Drone x5  
  94  9:05  Queen  
  101  9:10  Drone  
  101  9:11  Drone x3  
  101  9:14  Drone  
  106  9:29  Overlord  
  106  9:30  Overlord x2  
  106  9:44  Overlord x3  
  106  9:54  Mutalisk x6  
  117  10:03  Mutalisk  
  118  10:14  Mutalisk  
  117  10:15  Zergling x2  
  117  10:16  Zergling x4  
  115  10:22  Mutalisk  
  115  10:24  Zergling x2  
  115  10:25  Zergling x4  
Tags
 
Add a new tag
Caveats
  • Supply blocks, unpowered buildings, or Contaminate may cause inaccurate times.
  • Supply counts are checked every 10 seconds.